[Event "Team 45 45 League T61"]
[Site "Internet Chess Club"]
[Date "2014.06.15"]
[Round "3"]
[White "SlimeDog2"]
[Black "SaltofLife"]
[Result "1/2-1/2"]
[WhiteElo "1984"]
[BlackElo "1912"]
[Opening "QGD: Orthodox defense, Swiss (Henneberger) variation"]
[ECO "D63"]
[Time "15:07:43"]
[TimeControl "2700+45"]

1. Nf3 Nf6 2. c4 e6 3. Nc3 d5 4. d4 Nbd7 5. Bg5 Be7 6. e3 O-O 7. Rc1 a6 8. Bd3
dxc4 9. Bxc4 b5 10. Be2 Bb7 11. O-O Rc8 12. Ne5 c5 13. Bf3 Bxf3 14. Qxf3 Qc7 15.
Nxd7 Qxd7 16. dxc5 Rxc5 17. Bxf6 Bxf6 18. Ne4 Rxc1 19. Nxf6+ gxf6 20. Rxc1 Qd2
21. Rb1 Qc2 22. Qd1 Rc8 23. Qxc2 Rxc2 24. Kf1 f5 25. Ke1 a5 26. a3 a4 27. b3 Ra2
28. bxa4 bxa4 29. Rb4 Rxa3 30. Ke2 Kg7 31. f4 Ra2+ 32. Kf3 Ra1 33. Rb7 a3 34.
Ra7 a2 35. Kg3 Kf8 36. Kh4 h6 37. g3 Kg7 38. Kh5 Re1 39. Rxa2 Rxe3 40. Rf2 Rd3
41. Re2 Rd8 42. Ra2 Rd7 43. Re2 Re7 44. Ra2 f6 45. Rf2 e5 46. fxe5 Rxe5 47. Rf4
Re2 48. Rxf5 Rxh2+ 49. Kg4 Kg6 50. Ra5 Re2 51. Kf4 Rb2 52. g4 Rb4+ 53. Kg3 Re4
54. Ra3 h5 55. gxh5+ Kxh5 56. Kf2 f5 57. Kf1 Kg4 58. Kf2 Rc4 59. Kf1 Rf4+ 60.
Kg2 Kg5 61. Rb3 Re4 62. Kf3 Rh4 63. Kf2 Rh2+ 64. Kf1 f4 65. Ra3 Kg4 66. Rb3 Rc2
67. Ra3 Rc5 68. Kf2 Re5 69. Rb3 Ra5 70. Rc3 Ra2+ 71. Kf1 f3 72. Rc8 Ra1+ 73. Kf2
Ra2+ 74. Kf1 Ra1+ 75. Kf2 Ra2+ 76. Kf1 Ra1+ 77. Kf2 Ra2+ 78. Kf1 Ra1+ 79. Kf2
Ra2+ 80. Kf1 {Game drawn by repetition} 1/2-1/2

[Event "Team 45 45 League T61"]
[Site "Internet Chess Club"]
[Date "2014.06.16"]
[Round "3"]
[White "RubberDuck"]
[Black "jt2000"]
[Result "1/2-1/2"]
[WhiteElo "1872"]
[BlackElo "1923"]
[Opening "QGD"]
[ECO "D30"]
[Time "14:00:24"]
[TimeControl "2700+45"]

1. d4 d5 2. c4 e6 3. Nf3 Nf6 4. Bg5 Be7 5. Nc3 Nbd7 6. e3 c6 7. Bd3 dxc4 8. Bxc4
b5 9. Bd3 a6 10. O-O Bb7 11. Rc1 c5 12. Bxf6 Bxf6 13. Be4 Bxe4 14. Nxe4 c4 15.
Nd6+ {Game drawn by mutual agreement} 1/2-1/2

[Event "Team 45 45 League T61"]
[Site "Internet Chess Club"]
[Date "2014.06.12"]
[Round "3"]
[White "Warpdrive"]
[Black "jonesey"]
[Result "0-1"]
[WhiteElo "1649"]
[BlackElo "1965"]
[Opening "Ruy Lopez: Marshall counter-attack"]
[ECO "C89"]
[Time "20:03:31"]
[TimeControl "2700+45"]

1. e4 e5 2. Nf3 Nc6 3. Bb5 a6 4. Ba4 Nf6 5. O-O Be7 6. Re1 b5 7. Bb3 O-O 8. c3
d5 9. exd5 Nxd5 10. d4 exd4 11. Nxd4 Nxd4 12. Qxd4 Bb7 13. Bxd5 Bxd5 14. Nd2 Re8
15. Nf1 c5 16. Qd1 Qd7 17. Ne3 Be6 18. Qxd7 Bxd7 19. Nd5 Bd6 20. Bd2 Be6 21. Nf4
Bxa2 22. Rxe8+ Rxe8 23. h3 Bc4 24. Rxa6 Rd8 25. Ra1 Be5 26. Be3 b4 27. Bxc5 bxc3
28. bxc3 Bxf4 29. Ra4 Rd1# {White checkmated} 0-1

[Event "Team 45 45 League T61"]
[Site "Internet Chess Club"]
[Date "2014.06.13"]
[Round "3"]
[White "Salvatore"]
[Black "tryanything"]
[Result "1-0"]
[WhiteElo "1567"]
[BlackElo "1582"]
[Opening "Trompowsky attack (Ruth, Opocenský opening)"]
[ECO "A45"]
[Time "19:00:19"]
[TimeControl "2700+45"]

1. d4 Nf6 2. Bg5 e6 3. e4 Be7 4. e5 Nd5 5. Bxe7 Nxe7 6. Bd3 Ng6 7. Qg4 d6 8. Nf3
Nd7 9. Nbd2 Qe7 10. h4 f5 11. exf6 Nxf6 12. Bxg6+ hxg6 13. Qxg6+ Qf7 14. Qxf7+
Kxf7 15. O-O-O Ng4 16. Ng5+ Kg6 17. Rdf1 e5 18. dxe5 Nxe5 19. f4 Ng4 20. Rf3 Bf5
21. g3 Rae8 22. Rc3 Re7 23. Ndf3 Rhe8 24. h5+ Kh6 25. b3 Nf2 26. Rh2 Ne4 27.
Nxe4 Bxe4 28. Ng5 Bf5 29. Kb2 b6 30. Rh4 c5 31. g4 Be4 32. Nh3 d5 33. g5+ Kh7
34. g6+ Kh6 35. Ng5 d4 36. Rg3 Bd5 37. f5 Re5 38. Rf4 Kxh5 39. Nh7 Re4 40. Rg5+
Kh6 41. Rf2 Rh4 42. f6 Rh5 43. Rxh5+ Kxh5 44. f7 {Black resigns} 1-0

[Event "Team 45 45 League T61"]
[Site "Internet Chess Club"]
[Date "2014.06.12"]
[Round "3"]
[White "TerryMalloy"]
[Black "chess09"]
[Result "0-1"]
[WhiteElo "1954"]
[BlackElo "1987"]
[Opening "QGD Slav defense: exchange variation"]
[ECO "D10"]
[Time "18:25:26"]
[TimeControl "2700+45"]

1. d4 d5 2. c4 c6 3. cxd5 cxd5 4. Nc3 Nc6 5. e4 dxe4 6. d5 Nb8 7. Qa4+ Bd7 8.
Qb3 b6 9. Nxe4 Nf6 10. Bd3 Nxe4 11. Bxe4 Na6 12. Be3 Rc8 13. Nf3 Nc5 14. Bxc5
Rxc5 15. O-O Qc7 16. Qe3 g6 17. Rad1 Qd6 18. Qd4 f6 19. Ng5 Bg7 20. Nxh7 Kf7 21.
Qd3 f5 22. Ng5+ Kg8 23. f4 fxe4 24. Nxe4 Bf5 25. b4 Bxe4 26. Qxe4 Rc8 27. Rfe1
Kf7 28. g4 b5 29. Qe6+ Qxe6 30. dxe6+ Kf8 31. Rd7 Bc3 32. Re4 a6 33. f5 gxf5 34.
Rf4 Ke8 35. g5 Rc6 36. Ra7 Rxe6 37. Rxf5 Re1+ 38. Kg2 Re2+ 39. Kf3 Rhxh2 40.
Ra8+ Kd7 41. Rxa6 Rhf2+ 42. Kg4 Re4+ {White resigns} 0-1

[Event "Team 45 45 League T61"]
[Site "Internet Chess Club"]
[Date "2014.06.12"]
[Round "3"]
[White "Nathan-L"]
[Black "cond"]
[Result "0-1"]
[WhiteElo "1870"]
[BlackElo "1958"]
[Opening "Nimzo-Indian: three knights variation"]
[ECO "E21"]
[Time "18:14:44"]
[TimeControl "2700+45"]

1. c4 Nf6 2. Nf3 e6 3. d4 Bb4+ 4. Nc3 b6 5. Bg5 Bb7 6. e3 h6 7. Bxf6 Qxf6 8. Be2
Bxc3+ 9. bxc3 O-O 10. O-O d6 11. Qc2 Nd7 12. e4 e5 13. d5 Nc5 14. Nd2 Qg6 15.
Bd3 c6 16. Nb3 Nxd3 17. Qxd3 Rac8 18. a4 Ba6 19. Nd2 cxd5 20. a5 dxe4 21. Qxe4
Qxe4 22. Nxe4 Bxc4 23. Rfe1 Rc6 24. axb6 axb6 25. Rad1 Rd8 26. Nd2 Be6 27. Re3
f6 28. f4 Bf7 29. Rf1 Rdc8 30. fxe5 dxe5 31. Rff3 Rd8 32. Rf2 Rcd6 33. Ne4 Rd1+
34. Rf1 Bc4 35. Rfe1 Rxe1+ 36. Rxe1 Rd3 37. Rc1 f5 38. Nf2 Rd2 39. Re1 e4 40. g3
Kf7 41. Nd1 Ke6 42. Ne3 Re2 43. Rxe2 Bxe2 44. Kf2 Bd3 45. Ng2 g5 46. Ke3 Ke5 47.
Ne1 f4+ 48. gxf4+ gxf4+ 49. Kd2 Bc4 50. Nc2 e3+ 51. Ke1 Ke4 {White resigns} 0-1

[Event "Team 45 45 League T61"]
[Site "Internet Chess Club"]
[Date "2014.06.13"]
[Round "3"]
[White "az2112"]
[Black "Shanghaied"]
[Result "0-1"]
[WhiteElo "1620"]
[BlackElo "1835"]
[Opening "Sicilian: dragon variation"]
[ECO "B70"]
[Time "16:00:11"]
[TimeControl "2700+45"]

1. e4 c5 2. Nf3 d6 3. d4 cxd4 4. Nxd4 Nf6 5. Nc3 g6 6. Bc4 Bg7 7. f3 a6 8. Be3
Nbd7 9. Qd2 b5 10. Bb3 Bb7 11. Nde2 Rc8 12. g4 Nc5 13. Bh6 Bxh6 14. Qxh6 Nxb3
15. axb3 b4 16. Na4 Rxc2 17. g5 Nh5 18. Ng3 Nf4 19. O-O Qc7 20. Qg7 Rg2+ 21. Kh1
Rxh2+ 22. Kxh2 Qc2+ 23. Kh1 Qg2# {White checkmated} 0-1

[Event "Team 45 45 League T61"]
[Site "Internet Chess Club"]
[Date "2014.06.13"]
[Round "3"]
[White "Zugzwanged"]
[Black "KnightOfLight"]
[Result "0-1"]
[WhiteElo "1747"]
[BlackElo "1643"]
[Opening "French defense"]
[ECO "C01"]
[Time "09:02:58"]
[TimeControl "2700+45"]

1. e4 e6 2. d4 b6 3. Nf3 Bb7 4. Nc3 Bb4 5. Bd3 Nf6 6. e5 Nd5 7. Bd2 Bxc3 8. bxc3
c5 9. O-O Qc7 10. Qe2 Nc6 11. a4 Nde7 12. Rfb1 g6 13. Bh6 Nf5 14. Bxf5 gxf5 15.
Bg7 Rg8 16. Bf6 Ne7 17. a5 Nd5 18. axb6 axb6 19. Rxa8+ Bxa8 20. Ra1 Bc6 21. Qd2
Nxf6 22. exf6 Bxf3 23. g3 Rg6 24. d5 Bxd5 25. c4 Bc6 26. Qc3 d5 27. cxd5 Bxd5
28. Ra6 Qd8 29. Qb2 Qxf6 30. Qb5+ Kf8 31. Qxb6 Qe5 32. Qxc5+ Kg7 33. Qa5 Qe4 34.
Kf1 Bc4+ 35. Kg1 Bxa6 36. Qxa6 Qxc2 37. Qa1+ Kh6 38. Qe5 Qb1+ 39. Kg2 Qe4+ 40.
Qxe4 fxe4 41. f4 Kh5 42. h3 f5 {White resigns} 0-1

[Event "Team 45 45 League T61"]
[Site "Internet Chess Club"]
[Date "2014.06.17"]
[Round "3"]
[White "primerpaso"]
[Black "ausya"]
[Result "1-0"]
[WhiteElo "1944"]
[BlackElo "1810"]
[Opening "English: Carls' Bremen system"]
[ECO "A22"]
[Time "14:06:22"]
[TimeControl "2700+45"]

1. c4 Nf6 2. Nc3 e5 3. g3 Bc5 4. Bg2 Nc6 5. e3 O-O 6. Nge2 Re8 7. O-O d6 8. Nd5
Be6 9. d4 exd4 10. exd4 Bb6 11. Nxb6 Bg4 12. f3 axb6 13. fxg4 Nxg4 14. Qd3 Qe7
15. Nc3 Rad8 16. h3 Nf6 17. Bg5 h6 18. Nd5 Qe2 19. Nxf6+ gxf6 20. Qxe2 Rxe2 21.
Bxf6 Rde8 22. Bxc6 bxc6 23. Rf2 Kh7 24. Kf1 Rxf2+ 25. Kxf2 Kg6 26. Bh4 f6 27.
Re1 Ra8 28. a3 Ra4 29. Rc1 d5 30. cxd5 cxd5 31. Ke3 Ra8 32. Rxc7 Re8+ 33. Kd3
Re6 34. Rc2 Kf5 35. g4+ Kg6 36. Rf2 Rc6 37. Rf5 Rd6 38. Bg3 Rd7 39. h4 Kf7 40.
Be5 {Black resigns} 1-0

[Event "Team 45 45 League T61"]
[Site "Internet Chess Club"]
[Date "2014.06.14"]
[Round "3"]
[White "juniorVishy"]
[Black "Baseta"]
[Result "1-0"]
[WhiteElo "1772"]
[BlackElo "1837"]
[Opening "Bogo-Indian defense, Grünfeld variation"]
[ECO "E11"]
[Time "10:00:22"]
[TimeControl "2700+45"]

1. d4 Nf6 2. c4 e6 3. Nf3 Bb4+ 4. Nbd2 c5 5. a3 Bxd2+ 6. Bxd2 cxd4 7. Nxd4 Nc6
8. Bc3 Nxd4 9. Qxd4 d5 10. Rd1 O-O 11. cxd5 Qxd5 12. Qf4 Qe4 13. Qd6 b6 14. f3
Qh4+ 15. g3 Qg5 16. f4 Qf5 17. Bxf6 Bb7 18. Bxg7 Bxh1 19. Bxf8 Rxf8 20. Qd3 Qc5
21. b4 Qg1 22. Qd4 Qxh2 23. Qf2 Qh5 24. Rd7 Rc8 25. Rxa7 Be4 26. Qxb6 Rc1+ 27.
Kd2 Rxf1 28. Qd8+ Kg7 29. Qd4+ Kh6 30. Qxe4 Ra1 31. a4 Ra2+ 32. Kd3 Ra3+ 33. Kc4
Rxg3 34. b5 Rg1 35. Kb4 Qh4 36. Rxf7 Qe1+ 37. Kc5 Qc3+ 38. Kb6 Rg6 39. Qh1+
{Black resigns} 1-0

[Event "Team 45 45 League T61"]
[Site "Internet Chess Club"]
[Date "2014.06.16"]
[Round "3"]
[White "Heian"]
[Black "divy7"]
[Result "1-0"]
[WhiteElo "1793"]
[BlackElo "1616"]
[Opening "Sicilian"]
[ECO "B50"]
[Time "19:02:03"]
[TimeControl "2700+45"]

1. e4 c5 2. Nf3 d6 3. Bc4 h6 4. d3 a6 5. c3 b5 6. Bd5 Ra7 7. Bb3 Nc6 8. Bc2 Nf6
9. h3 e5 10. O-O Be6 11. Be3 Ra8 12. Nbd2 Be7 13. Nh2 O-O 14. Rc1 Re8 15. a3 a5
16. f4 exf4 17. Bxf4 b4 18. Ba4 Bd7 19. Ndf3 Qc7 20. Qe2 Ne5 21. Bxd7 Nxf3+ 22.
Qxf3 Qxd7 23. e5 dxe5 24. Bxe5 Bd6 25. Bxf6 Bxh2+ 26. Kxh2 Qd6+ 27. Kh1 Qxf6 28.
Qxf6 gxf6 29. Rxf6 bxa3 30. bxa3 Re3 31. Rcf1 Ra7 32. R1f3 Rxf3 33. gxf3 Kg7 34.
Rc6 Rd7 35. Rxc5 Rxd3 36. Kg2 Rd2+ 37. Kg3 Rd7 38. c4 Kg6 39. Rxa5 Rc7 40. c5 f5
41. a4 Kg5 42. h4+ Kh5 43. c6 Rxc6 44. Rxf5+ Kg6 45. Rb5 Ra6 46. a5 Kg7 47. h5
Kf7 48. Kg4 Ke7 49. f4 Kd6 50. Kf5 Kc6 51. Re5 Ra7 52. a6 Rf7+ 53. Kg4 Rg7+ 54.
Kf3 Kb6 55. Re6+ Ka7 56. Rxh6 {Black resigns} 1-0

[Event "Team 45 45 League T61"]
[Site "Internet Chess Club"]
[Date "2014.06.17"]
[Round "3"]
[White "anna"]
[Black "QuieroAprender"]
[Result "1/2-1/2"]
[WhiteElo "1796"]
[BlackElo "1731"]
[Opening "King's pawn game"]
[ECO "C50"]
[Time "20:54:12"]
[TimeControl "2700+45"]

1. e4 e5 2. Nf3 Nc6 3. Bc4 Nd4 4. Nxd4 exd4 5. Qh5 Qe7 6. d3 g6 7. Qf3 Qf6 8.
Qg3 Bd6 9. f4 Bb4+ 10. Bd2 Qe7 11. O-O Bxd2 12. Nxd2 d6 13. Rfe1 Be6 14. Bxe6
fxe6 15. e5 d5 16. c3 Nh6 {Game drawn by mutual agreement} 1/2-1/2

[Event "Team 45 45 League T61"]
[Site "Internet Chess Club"]
[Date "2014.06.15"]
[Round "3"]
[White "chess9793"]
[Black "SlimeDog2"]
[Result "0-1"]
[WhiteElo "2093"]
[BlackElo "2006"]
[Opening "Petrov: Nimzovich attack"]
[ECO "C42"]
[Time "22:42:36"]
[TimeControl "2700+45"]

1. e4 e5 2. Nf3 Nf6 3. Nxe5 d6 4. Nf3 Nxe4 5. Nc3 Nxc3 6. dxc3 Be7 7. Be3 Nc6 8.
Qd2 Be6 9. h4 h6 10. Nd4 Nxd4 11. Bxd4 Rg8 12. h5 Qd7 13. a3 a6 14. Bd3 O-O-O
15. c4 Qc6 16. Qc3 Qxg2 17. O-O-O c5 18. Be3 Bf6 19. Qb3 Qc6 20. Rhg1 Kc7 21.
Bf4 Qf3 22. Bg3 b5 23. Rge1 Rge8 24. a4 bxc4 25. Bxc4 Qxb3 26. cxb3 Bd4 27. Bxa6
Bxb3 28. Bb5 Re6 29. Rxe6 fxe6 30. Rd3 Bd5 31. b4 Rf8 32. Rd2 Rf3 33. bxc5 Bxc5
34. Bd3 Bb3 35. Be4 Rf8 36. a5 Ba3+ 37. Kb1 Rb8 38. Ka1 Bb4 39. Rd3 Bc4 40. Rf3
e5 41. a6 Rb6 42. Bb7 Bc5 43. Rb3 Rxb3 44. f4 Bd4+ 45. Ka2 Rxb7+ 46. Ka3 Bc5+
47. Ka4 Ra7 48. Be1 Rxa6+ 49. Ba5+ Rxa5+ 50. Kxa5 exf4 51. Ka4 f3 52. Ka5 f2 53.
Ka4 f1=B 54. Ka5 d5 55. Ka4 d4 56. Ka5 d3 57. Ka4 d2 58. Ka5 Bfd3 59. Ka4 d1=N
60. Ka5 Ne3 61. Ka4 Nd5 62. Ka5 Ne7 63. Ka4 Bc2+ 64. Ka5 Nc6# {White checkmated}
0-1

[Event "Team 45 45 League T61"]
[Site "Internet Chess Club"]
[Date "2014.06.11"]
[Round "3"]
[White "JustinL"]
[Black "chessfan"]
[Result "1/2-1/2"]
[WhiteElo "1982"]
[BlackElo "1913"]
[Opening "Caro-Kann: classical, Spassky variation"]
[ECO "B19"]
[Time "17:00:06"]
[TimeControl "2700+45"]

1. e4 c6 2. d4 d5 3. Nc3 dxe4 4. Nxe4 Bf5 5. Ng3 Bg6 6. h4 h6 7. Nf3 Nd7 8. h5
Bh7 9. Bd3 Bxd3 10. Qxd3 e6 11. Bd2 Ngf6 12. O-O-O Be7 13. Kb1 O-O 14. Ne4 Nxe4
15. Qxe4 Nf6 16. Qe2 Qd5 17. Ne5 Qe4 18. Be3 Nd5 19. g4 Bg5 20. Rh3 Nxe3 21.
fxe3 Rad8 22. Qf3 Qxf3 23. Rxf3 Bf6 24. Nc4 e5 25. c3 Rfe8 26. Rdf1 Rd7 27. R1f2
exd4 28. exd4 Re4 29. Rf4 Re1+ 30. Kc2 Bg5 31. R4f3 f6 32. Kd3 Rg1 33. Re2 Rxg4
34. Re8+ Kh7 35. Ne5 fxe5 36. Rff8 e4+ 37. Kc2 Rg2+ 38. Kb3 g6 39. Rh8+ Kg7
{Game drawn by mutual agreement} 1/2-1/2

[Event "Team 45 45 League T61"]
[Site "Internet Chess Club"]
[Date "2014.06.11"]
[Round "3"]
[White "LiangLiang"]
[Black "cysk"]
[Result "0-1"]
[WhiteElo "1847"]
[BlackElo "1770"]
[Opening "Scandinavian: Pytel-Wade variation"]
[ECO "B01"]
[Time "23:00:35"]
[TimeControl "2700+45"]

1. e4 d5 2. exd5 Qxd5 3. Nc3 Qd6 4. d4 Nf6 5. Nf3 a6 6. g3 Bg4 7. Bg2 Nc6 8. Be3
e5 9. dxe5 Qxd1+ 10. Nxd1 Nd7 11. O-O O-O-O 12. Ng5 Ncxe5 13. f4 h6 14. fxe5
hxg5 15. Bxg5 Re8 16. Rxf7 Nxe5 17. Rf1 Bd6 18. Be3 Nc4 19. Bg5 Rh5 20. Bf4 Bc5+
21. Nf2 g5 22. Bc1 Reh8 23. b3 Ne3 24. Bxe3 Bxe3 25. Rae1 Bb6 26. Re4 Bf5 27. g4
Bxe4 28. gxh5 Bxc2 29. Bh3+ Kb8 30. Bg4 Be4 31. Re1 Bc6 32. Re2 Be8 33. h6 Bb5
34. Re5 Rxh6 35. h3 Rd6 36. Rxg5 Rd2 37. Rf5 Rxa2 38. h4 Rb2 39. h5 Rxb3 40. h6
Re3 41. h7 Re8 42. Rg5 Ka7 43. Rg8 Bd4 44. Kg2 Bc6+ 45. Bf3 Bd7 46. Bh5 Ra8 47.
Bf7 Bf5 48. Bg6 Bxg6 49. Rxg6 Rh8 50. Rh6 a5 51. Rh1 b6 52. Nd3 Ka6 53. Kg3 a4
54. Kf4 b5 55. Nb4+ Kb6 56. Kg5 c5 57. Nd5+ Ka5 58. Nf6 a3 59. Kg6 b4 {White
resigns} 0-1

[Event "Team 45 45 League T61"]
[Site "Internet Chess Club"]
[Date "2014.06.21"]
[Round "3"]
[White "Portola"]
[Black "DouDou"]
[Result "0-1"]
[WhiteElo "1818"]
[BlackElo "1820"]
[Opening "Queen's pawn game"]
[ECO "A45"]
[Time "12:00:27"]
[TimeControl "2700+45"]

1. d4 Nf6 2. c3 d5 3. Bf4 g6 4. Nf3 Bg7 5. h3 O-O 6. e3 Bf5 7. Be2 Nbd7 8. O-O
c5 9. Nbd2 c4 10. a4 a6 11. Ra3 b5 12. axb5 axb5 13. Qa1 Nb6 14. b3 Qd7 15. Ne5
Qb7 16. Ra5 cxb3 17. Nxb3 Nc4 18. Nxc4 bxc4 19. Nc5 Rxa5 20. Qxa5 Qa8 21. Rd1
{White resigns} 0-1

[Event "Team 45 45 League T61"]
[Site "Internet Chess Club"]
[Date "2014.06.14"]
[Round "3"]
[White "Jack-ONeill"]
[Black "TerryMalloy"]
[Result "1/2-1/2"]
[WhiteElo "2066"]
[BlackElo "1936"]
[Opening "Queen's pawn game"]
[ECO "D02"]
[Time "09:18:47"]
[TimeControl "2700+45"]

1. d4 d5 2. Nf3 c6 3. c3 Bg4 4. Qb3 Qc8 5. Bf4 Bxf3 6. exf3 Nf6 7. Bd3 e6 8. Nd2
Nbd7 9. O-O c5 10. dxc5 Bxc5 11. Rfe1 O-O 12. Rad1 h6 13. Bb1 Re8 14. Nf1 Qc6
15. Ng3 Rac8 16. Qc2 b5 17. Qd2 a5 18. a3 b4 19. axb4 axb4 20. cxb4 Bf8 21. Ne2
Qc4 22. Rc1 Qxb4 23. Qxb4 Bxb4 24. Rxc8 Rxc8 25. Rc1 Rxc1+ 26. Nxc1 Kf8 27. Nd3
Ba5 28. Bd6+ Ke8 29. Bc2 Bb6 30. Kf1 Kd8 31. Ne5 Nxe5 32. Bxe5 {Game drawn by
mutual agreement} 1/2-1/2

[Event "Team 45 45 League T61"]
[Site "Internet Chess Club"]
[Date "2014.06.17"]
[Round "3"]
[White "SaltofLife"]
[Black "Ptzz"]
[Result "1-0"]
[WhiteElo "1936"]
[BlackElo "2079"]
[Opening "Queen's pawn game"]
[ECO "A46"]
[Time "14:11:00"]
[TimeControl "2700+45"]

1. d4 Nf6 2. Nf3 e6 3. c3 c5 4. Bg5 Qb6 5. Qc2 Nc6 6. e3 Be7 7. Nbd2 d5 8. Bd3
h6 9. Bh4 Bd7 10. Ne5 Qd8 11. f4 Rc8 12. Qd1 a6 13. O-O b5 14. Bxf6 Bxf6 15. Qh5
Qe7 16. Nxf7 Rf8 17. Nd6+ Kd8 18. Nb7+ Kc7 19. Nxc5 Ra8 20. Qe2 g5 21. fxg5 Bxg5
22. Rxf8 Qxf8 23. a4 e5 24. Nxd7 Kxd7 25. axb5 axb5 26. Rf1 Qe7 27. Nf3 e4 28.
Nxg5 exd3 29. Qg4+ Kc7 30. Ne6+ Kb6 31. e4 dxe4 32. Qxe4 Re8 33. d5 Qd6 34. Qe3+
{Black resigns} 1-0

[Event "Team 45 45 League T61"]
[Site "Internet Chess Club"]
[Date "2014.06.14"]
[Round "3"]
[White "Tobiasdelmonte"]
[Black "RubberDuck"]
[Result "1/2-1/2"]
[WhiteElo "1842"]
[BlackElo "1869"]
[Opening "Sicilian: dragon, classical attack"]
[ECO "B72"]
[Time "16:07:29"]
[TimeControl "2700+45"]

1. e4 c5 2. Nf3 d6 3. d4 cxd4 4. Nxd4 Nf6 5. Nc3 g6 6. Be3 Bg7 7. Be2 O-O 8. Qd2
Bd7 9. O-O-O Nc6 10. Kb1 Rc8 11. f3 a6 12. g4 Nxd4 13. Bxd4 Be6 14. h4 b5 15. h5
Qc7 16. hxg6 fxg6 17. g5 Nh5 18. Bxg7 Kxg7 19. f4 Nxf4 20. Bf3 Kg8 21. Rh4 b4
22. Rxf4 Rxf4 23. Qxf4 bxc3 24. b3 Qa5 25. Qc1 Rc5 26. Rg1 Qb4 27. Rg3 a5 28. a3
Qd4 29. Bg2 Bxb3 30. cxb3 c2+ 31. Ka2 Qd1 32. Kb2 Qd4+ 33. Ka2 Qd1 34. Kb2 Qd4+
35. Ka2 Qd1 {Game drawn by repetition} 1/2-1/2

[Event "Team 45 45 League T61"]
[Site "Internet Chess Club"]
[Date "2014.06.14"]
[Round "3"]
[White "jonesey"]
[Black "Holzschlange"]
[Result "0-1"]
[WhiteElo "1941"]
[BlackElo "1795"]
[Opening "QGD: Tarrasch defense"]
[ECO "D32"]
[Time "10:02:17"]
[TimeControl "2700+45"]

1. d4 d5 2. c4 e6 3. Nc3 c5 4. cxd5 exd5 5. Nf3 Nc6 6. Bg5 Be7 7. Bxe7 Ngxe7 8.
dxc5 d4 9. Ne4 O-O 10. g3 Qd5 11. Ned2 Qxc5 12. Bg2 Qb6 13. Qb3 Qa5 14. O-O Be6
15. Qd3 Rad8 16. Nb3 Qb6 17. Rfd1 Bf5 18. Qc4 Be6 19. Qc5 Qa6 20. Nfxd4 Nxd4 21.
Nxd4 Nc6 22. Nxe6 fxe6 23. Bxc6 Rxd1+ 24. Rxd1 bxc6 25. Qe3 Qxa2 26. b3 Re8 27.
Qe5 Qxb3 28. Rd7 Qb1+ 29. Kg2 Qg6 30. Rxa7 Rc8 31. Re7 Qf6 32. Qd6 e5 33. Re6
Qf8 34. Rxe5 Qxd6 {White resigns} 0-1

[Event "Team 45 45 League T61"]
[Site "Internet Chess Club"]
[Date "2014.06.19"]
[Round "3"]
[White "xwang1"]
[Black "M-Ezat"]
[Result "1-0"]
[WhiteElo "1990"]
[BlackElo "2239"]
[Opening "Sicilian: Labourdonnais-Löwenthal (Kalashnikov) variation"]
[ECO "B32"]
[Time "15:30:53"]
[TimeControl "2700+45"]

1. e4 c5 2. Nf3 Nc6 3. d4 cxd4 4. Nxd4 e5 5. Nb5 d6 6. N1c3 a6 7. Na3 b5 8. Nd5
Nge7 9. c4 Nxd5 10. cxd5 Ne7 11. Bd3 Ng6 12. O-O Be7 13. Nc2 O-O 14. a4 Rb8 15.
axb5 axb5 16. Nb4 Bd7 17. Be3 Bg5 18. Ra6 Bxe3 19. fxe3 Qg5 20. Qe2 Bg4 21. Qf2
Rbd8 22. Nc6 Ra8 23. Bxb5 Rxa6 24. Bxa6 f5 25. exf5 Bxf5 26. Qg3 Qh6 27. b4 Be4
28. Rxf8+ Kxf8 29. Qf2+ Ke8 30. Bb5 Bxd5 31. Nxe5+ Ke7 32. Nf3 Qh5 33. Nd4 Qd1+
34. Bf1 Bc4 35. Qf3 Qc1 36. Nf5+ Kd7 37. Qb7+ Kd8 38. Qb8+ Kd7 39. Qxd6+ Ke8 40.
Qc6+ {Black resigns} 1-0

[Event "Team 45 45 League T61"]
[Site "Internet Chess Club"]
[Date "2014.06.11"]
[Round "3"]
[White "searchforbobby1"]
[Black "gump12345"]
[Result "1-0"]
[WhiteElo "2061"]
[BlackElo "1979"]
[Opening "Sicilian: Alapin's variation (2.c3)"]
[ECO "B22"]
[Time "22:04:01"]
[TimeControl "2700+45"]

1. e4 c5 2. c3 Nf6 3. e5 Nd5 4. d4 cxd4 5. Nf3 e6 6. cxd4 d6 7. a3 Nc6 8. Bd3
Be7 9. O-O O-O 10. Re1 h6 11. Qe2 f5 12. exf6 Nxf6 13. Nc3 d5 14. Bf4 Ne4 15.
Bg3 Nxg3 16. hxg3 Bf6 17. Qe3 Bd7 18. Bc2 Qe8 19. Nb5 Qh5 20. Qd3 Qf5 21. Qxf5
exf5 22. Bb3 Kh7 23. Rad1 Rae8 24. Rxe8 Rxe8 25. Nc3 g6 26. Nxd5 Bg7 27. Nc3 g5
28. Ne5 Bc8 29. f4 Rd8 30. Ne2 Bf6 31. Kf2 Kg7 32. Ke3 Re8 33. Nc3 Bd8 34. Ba4
a6 35. Kf2 Bb6 36. Nxc6 bxc6 37. Bxc6 Rd8 38. Ke3 Be6 39. Rd2 Kf6 40. Na4 Ba7
41. Nc5 Rd6 42. Bf3 Bf7 43. b4 Ke7 44. Kd3 a5 45. Kc3 axb4+ 46. axb4 Bb6 47. Be2
Bd5 48. Bc4 Ba8 49. Re2+ Kf6 50. Ra2 Rd8 51. Ra6 {Black resigns} 1-0

[Event "Team 45 45 League T61"]
[Site "Internet Chess Club"]
[Date "2014.06.12"]
[Round "3"]
[White "egyptiantiger"]
[Black "charles-allen"]
[Result "1-0"]
[WhiteElo "2019"]
[BlackElo "1881"]
[Opening "QGD: Tarrasch defense, 4.cd ed"]
[ECO "D32"]
[Time "16:00:25"]
[TimeControl "2700+45"]

1. d4 d5 2. c4 e6 3. Nc3 c5 4. cxd5 exd5 5. e3 Nf6 6. Nf3 Nc6 7. Be2 Be7 8. O-O
O-O 9. a3 Ne4 10. dxc5 Nxc3 11. bxc3 Bxc5 12. Qc2 Bg4 13. Rd1 Qd7 14. c4 d4 15.
Nxd4 Bxe2 16. Nxe2 Qg4 17. Bb2 Rad8 18. Ng3 Rfe8 19. Rd5 Bd6 20. h3 Qe6 21. Nh5
f6 22. Rad1 Bc7 23. Qd2 Qf7 24. Qe2 Ne7 25. Rd7 Rxd7 26. Rxd7 Bb6 27. Qg4 Qg6
28. Qxg6 hxg6 29. Nf4 Bc5 30. Rxb7 Rd8 31. Bd4 Bxd4 32. exd4 Rxd4 33. Ne6 Rd1+
34. Kh2 Kf7 35. Nf4 g5 36. Nd5 Re1 37. Rxa7 {Black resigns} 1-0

[Event "Team 45 45 League T61"]
[Site "Internet Chess Club"]
[Date "2014.06.11"]
[Round "3"]
[White "RaiseTheCurve"]
[Black "chess9793"]
[Result "1-0"]
[WhiteElo "2272"]
[BlackElo "2115"]
[Opening "Sicilian: Nimzovich-Rossolimo attack (with ...g6, without ...d6)"]
[ECO "B31"]
[Time "23:00:41"]
[TimeControl "2700+45"]

1. e4 c5 2. Nf3 Nc6 3. Bb5 g6 4. O-O Bg7 5. Bxc6 dxc6 6. h3 e5 7. d3 Qc7 8. Nbd2
Nf6 9. a4 b6 10. Nc4 Nd7 11. b3 Ba6 12. a5 O-O 13. Ne3 Rfd8 14. Ng4 h5 15. Nh6+
Kf8 16. Bg5 Re8 17. Nh4 Nf6 18. f4 exf4 19. Bxf4 Qd8 20. Qf3 Qd4+ 21. Kh1 Re6
22. axb6 axb6 23. Nxg6+ fxg6 24. Qg3 Nxe4 25. dxe4 Qxa1 26. Rxa1 Bxa1 27. c3
Rae8 28. Bg5 Kg7 29. Qc7+ Kh8 30. Nf7+ Kg8 31. Nd8 Bxc3 32. Qf7+ Kh8 33. Nxe6
Rg8 34. Bf6+ Bxf6 35. Qxf6+ Kh7 36. Qf7+ Kh8 37. Ng5 {Black resigns} 1-0

[Event "Team 45 45 League T61"]
[Site "Internet Chess Club"]
[Date "2014.06.13"]
[Round "3"]
[White "f5"]
[Black "Jack-ONeill"]
[Result "0-1"]
[WhiteElo "2112"]
[BlackElo "2072"]
[Opening "Sicilian: closed, 6.Be3"]
[ECO "B26"]
[Time "14:03:07"]
[TimeControl "2700+45"]

1. e4 c5 2. Nc3 Nc6 3. g3 g6 4. Bg2 Bg7 5. d3 d6 6. Be3 Rb8 7. f4 b5 8. Qd2 b4
9. Nd1 e6 10. Nf3 Nge7 11. O-O O-O 12. Bf2 Nd4 13. Nxd4 cxd4 14. a3 a5 15. axb4
axb4 16. Ra4 Qb6 17. c3 bxc3 18. bxc3 Qb3 19. Rc4 Ba6 20. Rc7 dxc3 21. Nxc3 Rfc8
22. Rxe7 Rxc3 23. f5 Rc2 24. Qg5 Rxf2 25. Kxf2 Bd4+ 26. Kf3 h5 27. Qd2 Bxd3 28.
Kf4 Bxf1 29. fxe6 g5+ 30. Kf5 Rb5+ {White resigns} 0-1